PL
GRAFTON MIDDIES @ LEXINGTON BC
07/19/2019
 
TOP OF THE 1ST
Grafton Middies batting - Pitching for Lexington BC : RHP Burt Booth
Pitching: RHP Burt Booth
Batting: RHB Raúl Robles 0-0: Ball
1-0: Called Strike
1-1: Ball
2-1: Foul Ball, location: 2F
2-2: Strikes out looking
Batting: LHB Min-heui Im 0-0: Ball
1-0: Foul Ball, location: 2F
1-1: SINGLE (Flyball, 89S)
Batting: LHB Tony Dyer 0-0: Called Strike
0-1: Ball
1-1: Foul Ball, location: 2F
1-2: Ground out U3 (Groundball, 3S)
Min-heui Im to second
Batting: RHB Iván Vargas 0-0: Foul Ball, location: 2F
0-1: Fly out, F2 (Popup, 23F)
Top of the 1st over - 0 run(s), 1 hit(s), 0 error(s), 1 left on base; Grafton 0 - Lexington 0
BOTTOM OF THE 1ST
Lexington BC batting - Pitching for Grafton Middies : RHP Vern Camp
Pitching: RHP Vern Camp
Batting: RHB Brett Robinson 0-0: Called Strike
0-1: Called Strike
0-2: Foul Ball, location: 2F
0-2: Strikes out swinging
Batting: RHB Andre Dixon 0-0: Foul Ball, location: 2F
0-1: Ball
1-1: Ball
2-1: Ball
3-1: Fly out, F8 (Flyball, 8LXD)
Batting: RHB Juan Cabrera 0-0: Ball
1-0: Ball
2-0: Ball
3-0: Called Strike
3-1: Foul Ball, location: 2F
3-2: Fly out, F4 (Popup, 3L)
Bottom of the 1st over - 0 run(s), 0 hit(s), 0 error(s), 0 left on base; Grafton 0 - Lexington 0
TOP OF THE 2ND
Grafton Middies batting - Pitching for Lexington BC : RHP Burt Booth
Batting: LHB Guillermo Romero 0-0: SINGLE (Line Drive, 6MD)
Batting: RHB Brent Barlow 0-0: Foul Ball, location: 2F
0-1: Ball
1-1: Swinging Strike
Guillermo Romero steals 2nd base
1-2: Ball
2-2: SINGLE (Line Drive, 8RS)
Guillermo Romero to third
Batting: RHB Dan Yarbrough 0-0: Swinging Strike
0-1: Ball
1-1: Ball
2-1: Foul Ball, location: 2F
2-2: Foul Ball, location: 2F
2-2: Ball
3-2: Base on Balls
Brent Barlow to second
Batting: SHB Andrew Baker 0-0: Foul Ball, location: 2F
0-1: Ball
1-1: Ball
2-1: Grounds into fielders choice 1-2 (Groundball, 15)
Brent Barlow to third
Dan Yarbrough to second
Batting: SHB Vern Camp 0-0: Ball
1-0: Foul Ball, location: 2F
1-1: Ball
2-1: Swinging Strike
2-2: Foul Ball, location: 2F
2-2: Strikes out looking
Batting: RHB Raúl Robles 0-0: Ball
1-0: Foul Ball, location: 2F
1-1: SINGLE (Groundball, 56D)
Brent Barlow scores
Dan Yarbrough to third
Andrew Baker to second
Runner from 3rd tries for Home, SAFE, no throw or cutoff
Batting: LHB Min-heui Im 0-0: Ball
1-0: Called Strike
1-1: Ground out 4-3 (Groundball, 34D)
Top of the 2nd over - 2 run(s), 3 hit(s), 0 error(s), 2 left on base; Grafton 2 - Lexington 0
BOTTOM OF THE 2ND
Lexington BC batting - Pitching for Grafton Middies : RHP Vern Camp
Batting: RHB Júlio Gruzmán 0-0: Swinging Strike
0-1: Foul Ball, location: 2F
0-2: Strikes out swinging
Batting: RHB Ed Hopkins 0-0: DOUBLE (Line Drive, 7LM)
Batting: LHB Mike Gardner 0-0: Swinging Strike
0-1: Swinging Strike
0-2: Fly out, F6 (Popup, 56D)
Batting: RHB Steve Dunn 0-0: Ball
1-0: Ball
2-0: Called Strike
2-1: Called Strike
2-2: Ball
3-2: Base on Balls
Batting: RHB Reece White 0-0: Ground out 6-3 (Groundball, 6)
Bottom of the 2nd over - 0 run(s), 1 hit(s), 0 error(s), 2 left on base; Grafton 2 - Lexington 0
TOP OF THE 3RD
Grafton Middies batting - Pitching for Lexington BC : RHP Burt Booth
Batting: LHB Tony Dyer 0-0: Called Strike
0-1: Ball
1-1: Ball
2-1: Fly out, F9 (Flyball, 89XD)
Batting: RHB Iván Vargas 0-0: Ball
1-0: Ball
2-0: Ball
3-0: Called Strike
3-1: Base on Balls
Batting: LHB Guillermo Romero 0-0: Foul Ball, location: 2F
0-1: Foul Ball, location: 2F
0-2: Ball
1-2: Ball
2-2: Strikes out looking
Batting: RHB Brent Barlow 0-0: Ball
1-0: Called Strike
1-1: Swinging Strike
1-2: Foul Ball, location: 2F
1-2: Ball
2-2: Strikes out swinging
Top of the 3rd over - 0 run(s), 0 hit(s), 0 error(s), 1 left on base; Grafton 2 - Lexington 0
BOTTOM OF THE 3RD
Lexington BC batting - Pitching for Grafton Middies : RHP Vern Camp
Batting: LHB Burt Booth 0-0: Called Strike
0-1: Swinging Strike
0-2: Ball
1-2: Strikes out swinging
Batting: RHB Brett Robinson 0-0: Ball
1-0: Called Strike
1-1: Ball
2-1: Ball
3-1: Ground out 6-3 (Groundball, 6)
Batting: RHB Andre Dixon 0-0: Foul Ball, location: 2F
0-1: Ball
1-1: Called Strike
1-2: Foul Ball, location: 2F
1-2: Strikes out swinging
Bottom of the 3rd over - 0 run(s), 0 hit(s), 0 error(s), 0 left on base; Grafton 2 - Lexington 0
TOP OF THE 4TH
Grafton Middies batting - Pitching for Lexington BC : RHP Burt Booth
Batting: RHB Dan Yarbrough 0-0: Ground out 6-3 (Groundball, 6)
Batting: SHB Andrew Baker 0-0: Called Strike
0-1: Swinging Strike
0-2: Foul Ball, location: 2F
0-2: Ball
1-2: Strikes out looking
Batting: SHB Vern Camp 0-0: Ball
1-0: Swinging Strike
1-1: Foul Ball, location: 2F
1-2: Strikes out swinging
Top of the 4th over - 0 run(s), 0 hit(s), 0 error(s), 0 left on base; Grafton 2 - Lexington 0
BOTTOM OF THE 4TH
Lexington BC batting - Pitching for Grafton Middies : RHP Vern Camp
Batting: RHB Juan Cabrera 0-0: Fly out, F9 (Flyball, 9S)
Batting: RHB Júlio Gruzmán 0-0: Ball
1-0: SINGLE (Line Drive, 4MD)
Batting: RHB Ed Hopkins 0-0: Called Strike
0-1: Fly out, F9 (Popup, 9S)
Batting: LHB Mike Gardner 0-0: DOUBLE (Line Drive, 78M)
Júlio Gruzmán to third
Batting: RHB Steve Dunn 0-0: Swinging Strike
0-1: Called Strike
0-2: Foul Ball, location: 2F
0-2: Ball
1-2: Strikes out swinging
Bottom of the 4th over - 0 run(s), 2 hit(s), 0 error(s), 2 left on base; Grafton 2 - Lexington 0
TOP OF THE 5TH
Grafton Middies batting - Pitching for Lexington BC : RHP Burt Booth
Batting: RHB Raúl Robles 0-0: Called Strike
0-1: Ball
1-1: SINGLE (Line Drive, 78M)
Batting: LHB Min-heui Im 0-0: Ball
1-0: Ball
2-0: Ball
3-0: Called Strike
3-1: Called Strike
3-2: Base on Balls
Raúl Robles to second
Batting: LHB Tony Dyer 0-0: Ball
1-0: Foul Ball, location: 2F
1-1: DOUBLE (Flyball, 9D)
Raúl Robles scores
Min-heui Im to third
Batting: RHB Iván Vargas 0-0: Ball
1-0: Called Strike
1-1: Ball
2-1: Ball
3-1: Base on Balls
Batting: LHB Guillermo Romero 0-0: Ball
1-0: Ball
2-0: Foul Ball, location: 2F
2-1: Called Strike
2-2: Ball
3-2: Base on Balls
Min-heui Im scores
Tony Dyer to third
Iván Vargas to second
Batting: RHB Brent Barlow 0-0: Ball
1-0: Foul Ball, location: 2F
1-1: Called Strike
1-2: Strikes out swinging
Batting: RHB Dan Yarbrough 0-0: Ball
1-0: Ball
2-0: Called Strike
2-1: Foul Ball, location: 2F
2-2: SINGLE (Line Drive, 78S)
Tony Dyer scores
Iván Vargas to third
Guillermo Romero to second
Batting: SHB Andrew Baker 0-0: Called Strike
0-1: Foul Ball, location: 2F
0-2: Ball
1-2: Strikes out looking
Batting: SHB Vern Camp 0-0: Ball
1-0: Ball
2-0: Swinging Strike
2-1: Called Strike
2-2: Strikes out swinging
Top of the 5th over - 3 run(s), 3 hit(s), 0 error(s), 3 left on base; Grafton 5 - Lexington 0
BOTTOM OF THE 5TH
Lexington BC batting - Pitching for Grafton Middies : RHP Vern Camp
Batting: RHB Reece White 0-0: Ball
1-0: Swinging Strike
1-1: Ball
2-1: Foul Ball, location: 2F
2-2: Foul Ball, location: 2F
2-2: Foul Ball, location: 2F
2-2: Fly out, F9 (Popup, 4D)
Pinch Hitting: RHB Yoshiyuki Sasaki 0-0: Ground out 1-3 (Groundball, 23)
Batting: RHB Brett Robinson 0-0: Ball
1-0: SINGLE (Groundball, 6M) (infield hit)
Batting: RHB Andre Dixon 0-0: Ball
1-0: SINGLE (Flyball, 9S)
Brett Robinson to second
Runner from 2nd tries for 3rd, SAFE, throw made to third
Batting: RHB Juan Cabrera 0-0: SINGLE (Groundball, 6MD)
Brett Robinson scores
Andre Dixon to second
Runner from 2nd tries for 3rd, SAFE, no throw or cutoff
Batting: RHB Júlio Gruzmán 0-0: Ball
1-0: Swinging Strike
1-1: Ground out 1-3 (Groundball, 23)
Bottom of the 5th over - 1 run(s), 3 hit(s), 0 error(s), 2 left on base; Grafton 5 - Lexington 1
TOP OF THE 6TH
Grafton Middies batting - Pitching for Lexington BC : RHP Burt Booth
Pitching: RHP Neil Gilliam
Batting: RHB Raúl Robles 0-0: Foul Ball, location: 2F
0-1: Fly out, F7 (Flyball, 7S)
Batting: LHB Min-heui Im 0-0: SINGLE (Flyball, 9LS)
Batting: LHB Tony Dyer 0-0: Grounds into double play, 6-4-3 (Groundball, 6)
Top of the 6th over - 0 run(s), 1 hit(s), 0 error(s), 0 left on base; Grafton 5 - Lexington 1
BOTTOM OF THE 6TH
Lexington BC batting - Pitching for Grafton Middies : RHP Vern Camp
Batting: RHB Ed Hopkins 0-0: Ball
1-0: Called Strike
1-1: Foul Ball, location: 2F
1-2: Strikes out swinging
Batting: LHB Mike Gardner 0-0: Called Strike
0-1: Ball
1-1: Ball
2-1: Foul Ball, location: 2F
2-2: SINGLE (Groundball, 34S)
Batting: RHB Steve Dunn 0-0: Ball
1-0: Ball
2-0: Ball
3-0: Called Strike
3-1: Called Strike
3-2: Grounds into double play, 4-6-3 (Groundball, 4M)
Bottom of the 6th over - 0 run(s), 1 hit(s), 0 error(s), 0 left on base; Grafton 5 - Lexington 1
TOP OF THE 7TH
Grafton Middies batting - Pitching for Lexington BC : RHP Neil Gilliam
Batting: RHB Iván Vargas 0-0: Called Strike
0-1: DOUBLE (Flyball, 8LD)
Batting: LHB Guillermo Romero 0-0: Intentional Walk
Batting: RHB Brent Barlow 0-0: Ball
1-0: Swinging Strike
1-1: Ball
2-1: Swinging Strike
2-2: Grounds into double play, 1-6-3 (Groundball, 15)
Iván Vargas to third
Batting: RHB Dan Yarbrough 0-0: Ball
1-0: Ball
2-0: Foul Ball, location: 2F
2-1: Foul Ball, location: 2F
2-2: Fly out, F8 (Flyball, 8LD)
Top of the 7th over - 0 run(s), 1 hit(s), 0 error(s), 1 left on base; Grafton 5 - Lexington 1
BOTTOM OF THE 7TH
Lexington BC batting - Pitching for Grafton Middies : RHP Vern Camp
Batting: RHB Reece White 0-0: Ball
1-0: Called Strike
1-1: SOLO HOME RUN (Flyball, 89XD), Distance : 423 ft
Pinch Hitting: RHB Mark Allen 0-0: SINGLE (Groundball, 4MD)
Batting: RHB Brett Robinson 0-0: Bunt missed!
0-1: Bunted foul
0-2: Hit by Pitch
Mark Allen to second
Batting: RHB Andre Dixon 0-0: Ball
Wild Pitch!
Mark Allen to third
Brett Robinson to second
1-0: Called Strike
1-1: Ground out 5-3 (Groundball, 5)
Batting: RHB Juan Cabrera 0-0: Fly out, F9 (Flyball, 89XD)
Runner from 3rd tags up, SCORES, no throw
Brett Robinson to third
Batting: RHB Júlio Gruzmán 0-0: Ball
1-0: Called Strike
1-1: Ball
2-1: Ball
3-1: Base on Balls
Batting: RHB Ed Hopkins 0-0: Called Strike
0-1: Called Strike
0-2: Ball
1-2: DOUBLE (Flyball, 89XD)
Brett Robinson scores
Júlio Gruzmán to third
Runner from 3rd tries for Home, SAFE, throw made home
Pitching: LHP Reid Garner
Pinch Hitting: RHB Vicente Díaz 0-0: Ball
1-0: Called Strike
1-1: Foul Ball, location: 2F
1-2: Ball
2-2: Strikes out looking
Bottom of the 7th over - 4 run(s), 3 hit(s), 0 error(s), 1 left on base; Grafton 5 - Lexington 5
TOP OF THE 8TH
Grafton Middies batting - Pitching for Lexington BC : RHP Neil Gilliam
Pitching: RHP Esteban Moreno
Now at 2B: Hiwahikeiki Noelani
Now in CF: Vicente Díaz
Batting: SHB Andrew Baker 0-0: Ground out 1-3 (Groundball, 15S)
Pinch Hitting: RHB Nam-sup Yi 0-0: Called Strike
0-1: Swinging Strike
0-2: Strikes out swinging
Batting: RHB Raúl Robles 0-0: Foul Ball, location: 2F
0-1: Swinging Strike
0-2: Ball
1-2: Ball
2-2: Ball
3-2: Strikes out swinging
Top of the 8th over - 0 run(s), 0 hit(s), 0 error(s), 0 left on base; Grafton 5 - Lexington 5
BOTTOM OF THE 8TH
Lexington BC batting - Pitching for Grafton Middies : LHP Reid Garner
Pitching: RHP Bill Ball
Batting: RHB Steve Dunn 0-0: Called Strike
0-1: Ball
1-1: Ball
2-1: SINGLE (Line Drive, 6MD)
Batting: RHB Reece White 0-0: Foul Ball, location: 2F
0-1: Swinging Strike
0-2: Strikes out swinging
Batting: RHB Hiwahikeiki Noelani 0-0: Called Strike
0-1: Called Strike
0-2: Ball
1-2: Foul Ball, location: 2F
1-2: Ball
2-2: Foul Ball, location: 2F
2-2: DOUBLE (Groundball, 5L)
Steve Dunn to third
Batting: RHB Brett Robinson 0-0: Ball
1-0: Fly out, F7 (Popup, 7S)
Batting: RHB Esteban Moreno 0-0: Called Strike
0-1: Ball
1-1: Fly out, F9 (Flyball, 9M)
Bottom of the 8th over - 0 run(s), 2 hit(s), 0 error(s), 2 left on base; Grafton 5 - Lexington 5
TOP OF THE 9TH
Grafton Middies batting - Pitching for Lexington BC : RHP Esteban Moreno
Batting: LHB Min-heui Im 0-0: Called Strike
0-1: Foul Ball, location: 2F
0-2: Strikes out swinging
Batting: LHB Tony Dyer 0-0: Called Strike
0-1: Ball
1-1: Fly out, F8 (Flyball, 78M)
Batting: RHB Iván Vargas 0-0: Ball
1-0: Called Strike
1-1: Swinging Strike
1-2: Ball
2-2: Strikes out looking
Top of the 9th over - 0 run(s), 0 hit(s), 0 error(s), 0 left on base; Grafton 5 - Lexington 5
BOTTOM OF THE 9TH
Lexington BC batting - Pitching for Grafton Middies : RHP Bill Ball
Pitching: RHP Frank Morse
Batting: RHB Juan Cabrera 0-0: SINGLE (Groundball, 5D) (infield hit)
Batting: RHB Júlio Gruzmán 0-0: Ball
1-0: Ground out 4-3 (Groundball, 4M)
Juan Cabrera to second
Batting: RHB Ed Hopkins 0-0: Intentional Walk
Batting: RHB Vicente Díaz 0-0: Called Strike
0-1: Hit by Pitch
Juan Cabrera to third
Ed Hopkins to second
Batting: RHB Steve Dunn 0-0: Called Strike
0-1: SINGLE (Groundball, 4MD)
Juan Cabrera scores
This league is powered by Out of the Park Baseball, the baseball management simulation game for PC, Mac and Linux
Saturday, July 25th, 2015 - OOTP Baseball 15.6 Build 34